 Dungeon Crawl Stone Soup version 0.25-a0-341-g6f074c887a (webtiles) character file.

Game seed: 9106822862886755677, levelgen mode: deterministic

135 Crag the Ducker (level 4, -3/35 HPs)
             Began as a Demonspawn Gladiator on Dec 30, 2019.
             Was a Follower of Cheibriados.
             Slain by a gnoll
             ... wielding a +1 spear of piercing
              (7 damage)
             ... on level 3 of the Dungeon.
             The game lasted 00:09:38 (1812 turns).

Crag the Ducker (Demonspawn Gladiator)              Turns: 1812, Time: 00:09:39

Health: -3/35      AC: 10    Str: 22    XL:     4   Next: 97%
Magic:  4/4        EV: 11    Int: 12    God:    Cheibriados [*.....]
Gold:   79         SH:  9    Dex: 19    Spells: 3/3 levels left

rFire    . . .     SeeInvis .   a - +0 long sword
rCold    + . .     Gourm    .   i - +0 shield
rNeg     . . .     Faith    .   b - +0 leather armour
rPois    .         Spirit   .   c - +0 helmet
rElec    .         Reflect  .   (no cloak)
rCorr    .         Harm     .   h - +0 pair of gloves
MR       .....     Rnd*Tele +   p - +2 pair of boots
Stlth    +.........             (no amulet)
HPRegen  0.11/turn              r - ring of teleportation (curse)
MPRegen  0.09/turn              (no ring)

@: mighty, very slow
A: yellow scales 1, cold resistance 1, powered by pain 1
a: Bend Time, Renounce Religion


You were on level 3 of the Dungeon.
You worshipped Cheibriados.
Cheibriados was aware of your devotion.
You were not hungry.

You visited 1 branch of the dungeon, and saw 3 of its levels.

You collected 79 gold pieces.

Inventory:

Hand Weapons
 a - a +0 long sword (weapon)
Missiles
 d - 3 throwing nets (quivered)
 n - 97 stones
Armour
 b - a +0 leather armour (worn)
 c - a +0 helmet (worn)
 h - a +0 pair of gloves (worn)
 i - a +0 shield (worn)
 p - a +2 pair of boots (worn)
Jewellery
 r - a cursed ring of teleportation (left hand)
Wands
 s - a wand of disintegration (14)
Scrolls
 e - a scroll of teleportation
 l - a scroll of enchant weapon {unknown}
 m - a scroll of identify
 t - a scroll of remove curse
Potions
 j - 2 potions of brilliance {unknown}
 k - a potion of magic {unknown}
Comestibles
 f - 7 rations
 g - 3 chunks of flesh


   Skills:
 + Level 3.1 Fighting
 + Level 3.5 Long Blades
 - Level 1.7 Throwing
 + Level 3.5 Dodging
 + Level 1.5 Shields


You had 3 spell levels left.
You didn't know any spells.
Your spell library was empty.

Dungeon Overview and Level Annotations

Branches:
Dungeon (3/15)

Altars:
Cheibriados
Qazlal
Ru


Innate Abilities, Weirdness & Mutations

You are partially covered in yellow scales. (AC +2)
Your flesh is cold resistant. (rC+)
You sometimes gain a little power by taking damage.


Message History

The gnoll hits you but does no damage. The orc misses you.
You riposte.
You slash the orc!
You kill the orc!
Cheibriados appreciates the change of pace.
A gnoll comes into view. It is wielding a +1 spear of piercing.
The gnoll hits you with a +0 spear.
* * * LOW HITPOINT WARNING * * *
The gnoll closely misses you.
You riposte.
The gnoll shouts!
You hit the gnoll.
The gnoll is moderately wounded.
You hit the gnoll.
The gnoll is severely wounded.
A gnoll sergeant comes into view. It is wielding a +0 spear.
You block the gnoll's attack.
You slash the gnoll!
You kill the gnoll!
Cheibriados thoroughly appreciates the change of pace.
The gnoll hits you from afar with a +1 spear of piercing!
You die...

#.# # #.# .# #.## . #.#
#... .. #..# #.##
...######..## #.#.
............#########...
.)g..g.)...........รท....
...##.@)......####)#... .
#)##...##.# #.#... #.
...# # #.###. #. ##.# #.#
. #. ... #.. . ## .###
#### .


You could see a gnoll sergeant and a gnoll.

Vanquished Creatures
  Robin (D:3)
  2 gnolls (D:3)
  3 adders (D:3)
  An ooze (D:1)
  A worm (D:3)
  A dart slug (D:1)
  A leopard gecko (D:2)
  An orc (D:3)
  2 ball pythons
  A giant cockroach (D:3)
  10 goblins
  14 hobgoblins
  7 jackals
  5 kobolds (D:1)
  9 bats
  A frilled lizard (D:2)
  3 rats
63 creatures vanquished.

Notes
Turn   | Place    | Note
-------+----------+-------------------------------------------
     0 | D:1      | Crag the Demonspawn Gladiator began the quest for the Orb.
     0 | D:1      | Reached XP level 1. HP: 16/16 MP: 1/1
   132 | D:1      | Gained mutation: You are partially covered in yellow
                  | scales. (AC +2) [demonic ancestry]
   132 | D:1      | Reached XP level 2. HP: 22/22 MP: 2/2
   462 | D:1      | Gained mutation: Your flesh is cold resistant. (rC+)
                  | [demonic ancestry]
   462 | D:1      | Reached XP level 3. HP: 28/28 MP: 3/3
  1093 | D:2      | Found a snail-covered altar of Cheibriados.
  1107 | D:2      | Found a sacrificial altar of Ru.
  1112 | D:2      | Became a worshipper of Cheibriados the Contemplative
  1430 | D:2      | Found a sacrificial altar of Ru.
  1517 | D:3      | Reached skill level 1 in Shields
  1545 | D:3      | Noticed Robin
  1549 | D:3      | Gained mutation: You sometimes gain a little power by
                  | taking damage. [demonic ancestry]
  1549 | D:3      | Reached XP level 4. HP: 34/34 MP: 4/4
  1552 | D:3      | Killed Robin
  1612 | D:3      | Reached * piety under Cheibriados
  1653 | D:3      | Found a stormy altar of Qazlal.
  1811 | D:3      | Noticed a gnoll sergeant
  1812 | D:3      | Slain by a gnoll

Levels and vault maps discovered:
D:1:      wander_arrival_peaceful_grave, layout_basic
D:2:      layout_rooms, gammafunk_temple_overflow_wave, first_ration,
          nicolae_ru_path_of_blood
D:3:      layout_loops_corners, lemuel_coloured_pillars_altar,
          grunt_qazlal_clouds, uniq_robin

Skill      XL: |  1  2  3  4 |
---------------+-------------+-----
Dodging        | 3 |  3.5
Long Blades    | 3 |  3.5
Shields        | 1 |  1.5
Fighting       | 3 |  3.1
Throwing       | |  1.7

Action                   |  1- 3 |  4- 6 || total
-------------------------+-------+-------++-------
Melee: Long sword        |   143 |    61 ||   204
  Use: Scroll            |     4 |       ||     4
       Potion            |     3 |     1 ||     4
 Stab: Sleeping          |     1 |       ||     1
  Eat: Chunk             |     3 |       ||     3
Armor: Leather armour    |    58 |    31 ||    89
Dodge: Dodged            |    82 |    45 ||   127
Block: Shield            |    50 |    41 ||    91
       Rpst.: Long sword |    31 |    14 ||    45

Table legend:
 A = Non-vault XP
 B = Vault XP
 C = Vault XP percentage of total XP
 D = Non-vault monster count
 E = Vault monster count
 F = Vault count percentage of total count
                 A         B        C        D         E       F
            +---------+---------+-------+---------+---------+-------
      Total |     170 |      24 |  12.4 |      57 |       6 |   9.5
            +---------+---------+-------+---------+---------+-------
        D:1 |      46 |       0 |   0.0 |      23 |       0 |   0.0
        D:2 |      32 |       0 |   0.0 |      18 |       0 |   0.0
        D:3 |      92 |      24 |  20.7 |      16 |       6 |  27.3
            +---------+---------+-------+---------+---------+-------
